[Event "Czech Open Rapid G1 2024"]
[Site "Pardubice"]
[Date "2024.07.17"]
[Round "1.11"]
[White "Levytskyi, Liubomyr"]
[Black "Piesik, Piotr"]
[Result "1/2-1/2"]
[Annotator "TA"]
[ECO "B08"]
[WhiteElo "1717"]
[BlackElo "2415"]
[PlyCount "119"]
[EventDate "2024.07.16"]
[EventType "swiss"]
[EventCountry "CZE"]
[SourceTitle "playchess.com"]
[Source "ChessBase"]
[SourceQuality "1"]
[TimeControl "1200+10"]

1. e4 g6 2. d4 Bg7 3. Nc3 c6 4. h3 d6 5. Nf3 Nd7 6. a4 Ngf6 7. Bd3 O-O 8. O-O e5 9. dxe5 dxe5 10. Be3 Qe7 11. Nd2 Nc5 12. Bc4 Rd8 {[%emt 0:00:32] B08: Pirc Defence: Classical System.} 13. Qe2 Nh5 14. Nb3 $146 ({Predecessor:} 14. Rad1 Nf4 15. Qf3 Nce6 16. Rfe1 b6 17. Bf1 Nd4 18. Bxd4 Rxd4 19. Nc4 Rxd1 20. Rxd1 {0-1 Garakov,M (2447)-Galaktionov,A (2338) Titled Tuesday intern op 21st May Early blitz 2024 (11)}) 14... Ne6 15. Rad1 (15. Qf3 $11 {keeps the balance.}) 15... Nd4 $17 16. Bxd4 exd4 17. Nb1 Nf4 18. Qf3 Be6 (18... Be5 $19 {...Qg5 would now be deadly.} 19. N1d2 Qg5) 19. N1d2 $15 Qg5 (19... Qb4 $17 20. Nxd4 Bxc4) 20. Bxe6 $15 fxe6 ({Black should try} 20... Nxe6 $15 21. g3 b5) 21. Qg4 (21. h4 $5 Qf6 (21... Qxh4 $2 22. g3 $18) 22. g3 $11) 21... Qxg4 22. hxg4 e5 23. Nc5 b5 (23... d3 $11 24. Nxd3 (24. Nxb7 $2 dxc2 25. g3 Ne6 $19) 24... Nxd3 25. cxd3 Rxd3) 24. g3 $14 Nh3+ 25. Kg2 Ng5 26. axb5 (26. f4 $14 Nf7 27. g5) 26... cxb5 $11 27. b4 a5 (27... Rdc8 $11) 28. f4 (28. bxa5 $14 Rac8 29. Nb7) 28... Nf7 $11 29. bxa5 Rdc8 (29... Rxa5 $2 30. Nb7 Ra2 31. Nxd8 Nxd8 32. fxe5 Rxc2 33. Rf2 $18) 30. Ndb3 Bf8 31. Ne6 Rxc2+ 32. Rf2 Rc3 33. Rf3 (33. Nxf8 $5 Rxf8 (33... Kxf8 34. fxe5 Ke7 35. Nxd4 $11) 34. Rb1 $11) 33... Bd6 34. f5 (34. Rxc3 $11 dxc3 35. Kf3) 34... Rxf3 $2 (34... b4 $1 $15 {keeps the upper hand.}) 35. Kxf3 $16 Bb4 36. Ra1 Bc3 (36... Ra6 $16 37. Ra2 Nd6) 37. Ra2 $18 Nd6 38. Nc7 (38. a6 $18) 38... Ra7 $16 39. Nd5 Nc4 40. a6 b4 $2 (40... Bb2 $16 {is a better defense.}) 41. Ke2 Na3 $2 (41... Kf7 42. Nc5 Ne3) 42. Nc5 $18 Kf7 43. Kd3 h5 44. fxg6+ Kxg6 45. gxh5+ Kxh5 46. Nb6 $2 (46. Nf6+ $18 Kg5 47. Nfd7) 46... Kg4 47. Nbd7 Kxg3 48. Nxe5 Nb5 $2 (48... Rc7 $14 49. Nb7 Nb5) 49. Kc4 Nc7 50. Nc6 Ra8 (50... d3 $142 51. Nxa7 (51. Kxd3 Ra8 $18) 51... d2 52. Rxd2 Bxd2) 51. a7 $18 (51. Nxb4 Bxb4 52. Kxb4 Nxa6+ 53. Nxa6 (53. Rxa6 Rxa6 54. Nxa6 Kf4 $11) 53... Kf4 $16) (51. Nxd4 Bxd4 52. Kxd4 b3 53. Nxb3 Rxa6 54. Rxa6 Nxa6 $11) 51... Kf4 52. Nd7 (52. Nxb4 Bxb4 53. Kxb4 d3 $16) 52... Kxe4 $2 (52... Rh8 53. Nc5 (53. Nxd4 Bxd4 54. Kxd4 Nb5+ 55. Kc5 Nxa7 $14) (53. Nxb4 Bxb4 54. Kxb4 Kxe4 $14) 53... Ke3) 53. Nb6 $18 (53. Nxb4 Bxb4 54. Nb6 (54. Kxb4 d3 $11) 54... Rd8 $11 (54... Rxa7 55. Rxa7 Bd6 56. Ra1 $14)) 53... Rg8 54. Nd7 $2 (54. a8=R Nxa8 55. Nxa8 d3 $11) (54. Nxb4 Bxb4 55. Kxb4 d3 $14) (54. Re2+ $18 Kf3 55. Re7 (55. Nxd4+ $2 Bxd4 56. Kxd4 Kxe2 $19)) 54... Rg6 $2 (54... Ra8 $11) 55. Nc5+ $18 (55. a8=R $2 {too greedy.} Rxc6+ 56. Kb3 Nxa8 57. Rxa8 d3 $19) (55. a8=Q Nxa8 56. Re2+ (56. Nc5+ Kf4 $11) 56... Kf3 $11) (55. Nxb4 Bxb4 56. Kxb4 (56. a8=Q+ Nxa8 57. Rxa8 Be7 $11) 56... d3 $14) 55... Ke3 56. Nxb4 $2 ({Inferior is} 56. a8=R Rxc6 57. Rh8 Ne6 58. Rh3+ Kf4 $11) (56. a8=B Nxa8 57. Nxb4 Nb6+ 58. Kb5 Bxb4 59. Kxb4 Rg1 $11) (56. Ne7) 56... Bxb4 $18 57. Kxb4 d3 $2 {[%emt 0:00:12] [#]} (57... Rg8 58. Ra3+ Ke2) 58. Nxd3 $2 ({Stronger than} 58. a8=R Nxa8 59. Rxa8 d2 60. Re8+ Kf2 61. Ne4+ Ke3 $11) (58. Ra3 $1 $18 Rb6+ (58... Rd6 59. Rxd3+) 59. Kc4) 58... Kxd3 $11 59. a8=Q Nxa8 60. Rxa8 1/2-1/2

[Event "Czech Open Rapid G1 2024"]
[Site "Pardubice"]
[Date "2024.07.17"]
[Round "1.12"]
[White "Konopka, Michal"]
[Black "Dostal, Radim"]
[Result "1-0"]
[Annotator "RC"]
[ECO "A34"]
[WhiteElo "2326"]
[BlackElo "1961"]
[PlyCount "73"]
[EventDate "2024.07.16"]
[EventType "swiss"]
[EventCountry "CZE"]
[SourceTitle "playchess.com"]
[Source "ChessBase"]
[SourceQuality "1"]
[TimeControl "1200+10"]

1. Nf3 c5 2. c4 Nc6 3. Nc3 e5 4. e3 Nf6 5. d4 cxd4 6. exd4 e4 7. Ne5 Bb4 8. Be2 O-O 9. O-O Re8 10. Bf4 Qb6 11. c5 Qa5 12. Nc4 Qd8 13. Nd6 Bxc3 14. bxc3 Nd5 15. Qb3 Nce7 16. Bg5 Rf8 17. Bc4 Nf6 18. Bxf7+ Kh8 19. Bc4 Qc7 20. Rae1 b6 21. Bxf6 gxf6 22. Rxe4 Ng6 23. Nb5 Qd8 24. Bd5 Rb8 25. Nxa7 Ba6 26. Rfe1 bxc5 27. Qa3 f5 28. R4e3 f4 29. Rh3 Be2 30. Qxc5 Qg5 31. Be4 Qg4 32. f3 Qe6 33. d5 Qa6 34. Nc6 dxc6 35. Bxg6 cxd5 36. Qd4+ Qf6 37. Rxh7+ 1-0

[Event "Czech Open Rapid G1 2024"]
[Site "Pardubice"]
[Date "2024.07.17"]
[Round "1.13"]
[White "Tyshniuk, Roman"]
[Black "Cerveny, Martin"]
[Result "0-1"]
[Annotator "RC"]
[ECO "C41"]
[WhiteElo "1903"]
[BlackElo "2325"]
[PlyCount "83"]
[EventDate "2024.07.16"]
[EventType "swiss"]
[EventCountry "CZE"]
[SourceTitle "playchess.com"]
[Source "ChessBase"]
[SourceQuality "1"]
[TimeControl "1200+10"]

1. d4 d6 2. e4 Nf6 3. Nc3 e5 4. Nf3 Nbd7 5. Bc4 Be7 6. a4 O-O 7. O-O a5 8. Re1 c6 9. b3 Qc7 10. Ba3 Nb6 11. Bf1 Bg4 12. dxe5 dxe5 13. Bxe7 Qxe7 14. Qd3 Nfd7 15. Nd2 Nc5 16. Qg3 Bh5 17. f3 Rad8 18. Rad1 f6 19. Nc4 Nxc4 20. Bxc4+ Bf7 21. Bxf7+ Kxf7 22. Qf2 Ne6 23. Ne2 Rxd1 24. Rxd1 Rd8 25. Rxd8 Qxd8 26. Qa7 Qd2 27. Qxb7+ Kg6 28. Kf1 Qd1+ 29. Kf2 Qxc2 30. Qc8 Qxb3 31. Qxc6 Qa2 32. Qc8 h6 33. Kg3 Kh7 34. Nc3 Qb3 35. Nd5 Nd4 36. Qd7 Qd1 37. Nxf6+ Kg6 38. Nd5 Kh7 39. Kh3 Qd2 40. Qg4 Qa2 41. Ne7 Qf7 42. Nf5 0-1

[Event "Czech Open Rapid G1 2024"]
[Site "Pardubice"]
[Date "2024.07.17"]
[Round "1.14"]
[White "Bures, Jaroslav"]
[Black "Karpinets, Andrian"]
[Result "1-0"]
[Annotator "TA"]
[ECO "C58"]
[WhiteElo "2418"]
[BlackElo "1759"]
[PlyCount "27"]
[EventDate "2024.07.16"]
[EventType "swiss"]
[EventCountry "CZE"]
[SourceTitle "playchess.com"]
[Source "ChessBase"]
[SourceQuality "1"]
[TimeControl "1200+10"]

1. e4 e5 2. Nf3 Nc6 3. Bc4 Nf6 4. Ng5 d5 5. exd5 Na5 6. Bb5+ Bd7 7. Qe2 Bd6 8. Nc3 O-O 9. Bxd7 Qxd7 10. a3 {[%emt 0:00:52] Against Bb4} c5 11. O-O Bc7 $2 {[%emt 0:01:01][%mdl 8192] [#]} ({Better is} 11... Be7 $14) 12. b4 $1 $18 Nxd5 13. Qd3 Rad8 $2 (13... Nf6 $18) 14. Qxh7# {[%emt 0:00:19] Black got outplayed after the opening.   Weighted Error Value: White=0.09 (flawless) /Black=1.59.  Loses game:     	---       	Black=1      Mistake:       	---       	Black=1      Inaccurate:     	---       	Black=1      OK:         	White=1     	---        Best:        	White=1     	---        Strong:       	White=1     	---} 1-0

[Event "Czech Open Rapid G1 2024"]
[Site "Pardubice"]
[Date "2024.07.17"]
[Round "1.15"]
[White "Kavalir, Jan"]
[Black "Kusa, Jakub"]
[Result "0-1"]
[Annotator "TA"]
[ECO "C44"]
[WhiteElo "1992"]
[BlackElo "2423"]
[PlyCount "66"]
[EventDate "2024.07.16"]
[EventType "swiss"]
[EventCountry "CZE"]
[SourceTitle "playchess.com"]
[Source "ChessBase"]
[SourceQuality "1"]
[TimeControl "1200+10"]

1. e4 e5 2. d3 Nf6 3. Nf3 Nc6 4. Be2 Bc5 5. O-O d6 6. c3 a5 7. b3 O-O 8. h3 h6 {[%emt 0:00:01] Black is slightly better.} 9. d4 Ba7 10. d5 $1 Ne7 11. Qc2 {[%emt 0:00:19] [#]} (11. Bd3 $15) 11... g5 (11... Nh5 $1 $17 {...Ng3 would now be deadly.} 12. Nd4 exd4 13. Bxh5 c6) 12. Nxg5 $2 hxg5 $19 13. Bxg5 Nh7 14. Bh4 Qe8 15. Kh2 (15. Bb5 $142 Bd7 (15... Qxb5 $2 16. Bxe7 Qe8 17. Bxf8 $19) 16. Bxd7 Qxd7 17. Bxe7 Qxe7 18. Nd2) 15... f5 16. f4 exf4 {[%emt 0:00:16] Threatens to win with ...Ng6.} 17. Nd2 fxe4 18. Qxe4 Ng6 19. Qxe8 Rxe8 20. Bh5 Kg7 21. Bxg6 Kxg6 22. Rxf4 Be3 23. Re4 Bf5 24. Rxe8 Rxe8 25. Nf3 Be4 26. c4 Bxf3 27. gxf3 Bf4+ 28. Kg1 Re2 {[%emt 0:00:13] White must now prevent ...Ng5.} 29. Bd8 (29. Kf1 $142 Rh2 30. Re1) 29... Ng5 30. Kf1 Rc2 31. Bxc7 (31. Re1 $142) 31... Nxf3 {[%emt 0:00:13] [#] ( -> ...Be3)} 32. Bxa5 Be3 33. Bb4 Rf2# {[%emt 0:00:07] White got outplayed after the opening.   Weighted Error Value: White=0.78/Black=0.39.  Loses game:     	White=1     	---        Mistake:       	White=4     	Black=1      Inaccurate:     	White=3     	---        OK:         	White=8     	Black=11     Strong:       	White=1     	---} 0-1

[Event "Czech Open Rapid G1 2024"]
[Site "Pardubice"]
[Date "2024.07.17"]
[Round "1.16"]
[White "Prokofiev, Valentyn"]
[Black "Gschwendtner, Stanislav"]
[Result "1-0"]
[Annotator "RC"]
[ECO "A34"]
[WhiteElo "2337"]
[BlackElo "2011"]
[PlyCount "77"]
[EventDate "2024.07.16"]
[EventType "swiss"]
[EventCountry "CZE"]
[SourceTitle "playchess.com"]
[Source "ChessBase"]
[SourceQuality "1"]
[TimeControl "1200+10"]

1. Nf3 c5 2. c4 Nf6 3. Nc3 d5 4. cxd5 Nxd5 5. g3 g6 6. Bg2 Nc7 7. O-O Bg7 8. d3 O-O 9. Be3 Ne6 10. Nd2 Nc6 11. Rc1 Ned4 12. Na4 Rb8 13. Nxc5 b6 14. Ncb3 Bb7 15. Nxd4 Nxd4 16. Bxb7 Rxb7 17. Bxd4 Bxd4 18. Qc2 h5 19. Nf3 Bf6 20. Qc6 Rd7 21. b3 e6 22. Rc4 Qe7 23. Rfc1 Rfd8 24. Qa4 g5 25. h4 g4 26. Ne1 e5 27. Ng2 Rd4 28. Ne3 Qe6 29. Qxa7 R4d7 30. Rc7 e4 31. Rxd7 Rxd7 32. Qa8+ Kg7 33. Qxe4 Qxe4 34. dxe4 Rd2 35. Rc2 Rd7 36. Rc6 b5 37. Nf5+ Kg6 38. Nd6 b4 39. Ne8 1-0

[Event "Czech Open Rapid G1 2024"]
[Site "Pardubice"]
[Date "2024.07.17"]
[Round "1.17"]
[White "Sikora, Lukas"]
[Black "Burdalev, Kirill"]
[Result "0-1"]
[Annotator "RC"]
[ECO "C50"]
[WhiteElo "1928"]
[BlackElo "2348"]
[PlyCount "48"]
[EventDate "2024.07.16"]
[EventType "swiss"]
[EventCountry "CZE"]
[SourceTitle "playchess.com"]
[Source "ChessBase"]
[SourceQuality "1"]
[TimeControl "1200+10"]

1. e4 e5 2. Nf3 Nc6 3. Bc4 Bc5 4. a4 Nf6 5. d3 h6 6. c3 a6 7. b4 Be7 8. O-O O-O 9. h3 d5 10. exd5 Nxd5 11. Re1 Nb6 12. Bb3 Bf5 13. a5 Nc8 14. Nxe5 Nxe5 15. Rxe5 Qxd3 16. Be3 Bf6 17. Qxd3 Bxd3 18. Rc5 c6 19. Na3 Ne7 20. Nc2 Nf5 21. Bf4 Rad8 22. Re1 Nd6 23. f3 Nb5 24. Be5 Be7 0-1

[Event "Czech Open Rapid G1 2024"]
[Site "Pardubice"]
[Date "2024.07.17"]
[Round "1.18"]
[White "Dobrowolski, Piotr"]
[Black "Stocek, Martin"]
[Result "1-0"]
[Annotator "RC"]
[ECO "B10"]
[WhiteElo "2412"]
[BlackElo "2110"]
[PlyCount "85"]
[EventDate "2024.07.16"]
[EventType "swiss"]
[EventCountry "CZE"]
[SourceTitle "playchess.com"]
[Source "ChessBase"]
[SourceQuality "1"]
[TimeControl "1200+10"]

1. e4 c6 2. Nf3 d5 3. d3 Bg4 4. h3 Bh5 5. Qe2 e6 6. g4 Bg6 7. Bg2 Nf6 8. Nc3 Bb4 9. Nd2 dxe4 10. dxe4 e5 11. Nc4 Qc7 12. O-O b5 13. Ne3 O-O 14. Nf5 Re8 15. a4 bxa4 16. Nxa4 Bf8 17. Be3 Nbd7 18. Rfd1 Nb6 19. Nc5 Bxf5 20. gxf5 Red8 21. Rxd8 Rxd8 22. Bf3 Nfd7 23. Nxd7 Rxd7 24. Qa6 Qb7 25. Be2 Qxa6 26. Rxa6 Rb7 27. Ra5 Bd6 28. c4 Bc7 29. Ra6 h6 30. f6 g5 31. c5 Na8 32. Rxc6 Rxb2 33. Bc4 Rb8 34. Bd5 Bd8 35. Ra6 Nc7 36. Rxa7 Nxd5 37. exd5 Bxf6 38. c6 Kf8 39. d6 Rc8 40. Rc7 Rd8 41. d7 Be7 42. Rc8 Kg7 43. Bb6 1-0

[Event "Czech Open Rapid G1 2024"]
[Site "Pardubice"]
[Date "2024.07.17"]
[Round "1.19"]
[White "Sladek, Vladislav"]
[Black "Kuegel, Tobias"]
[Result "0-1"]
[Annotator "TA"]
[ECO "B21"]
[WhiteElo "1928"]
[BlackElo "2416"]
[PlyCount "52"]
[EventDate "2024.07.16"]
[EventType "swiss"]
[EventCountry "CZE"]
[SourceTitle "playchess.com"]
[Source "ChessBase"]
[SourceQuality "1"]
[TimeControl "1200+10"]

1. e4 c5 2. d4 cxd4 3. c3 dxc3 4. Nxc3 Nc6 5. Nf3 e6 6. Bc4 Bb4 7. O-O Nge7 8. Qe2 O-O 9. Rd1 Ng6 10. Bg5 Be7 {[%emt 0:00:17] The position is equal.} 11. Be3 a6 12. Rac1 b5 13. Bb3 Bb7 14. Qd2 ({White should try} 14. Nd2 $15) 14... d6 15. Ng5 Qd7 16. Bc2 {[%emt 0:03:38] [#]} (16. Ne2 $17) 16... Nce5 $1 $19 17. b3 Rac8 18. f4 Bxg5 (18... Ng4 $19 {Threatens to win with ...Nxe3.} 19. e5 h6 20. Bxg6 hxg5 (20... fxg6 21. exd6 hxg5 22. dxe7 $19)) 19. fxe5 $2 {[%emt 0:00:41] White does not recover from this.} (19. fxg5 $17 Ng4 20. Bd4) 19... Bxe3+ 20. Qxe3 Nxe5 21. Ne2 Rfd8 22. Qg3 Qe7 23. Nf4 Qf6 24. Rf1 Qh6 25. a4 (25. Bb1 {was necessary.}) 25... b4 26. Rf2 $2 {[%emt 0:01:04] [#]} (26. Bb1) 26... Rc3 {[%emt 0:00:11] Weighted Error Value: White=0.64/Black=0.14 (very precise) .  Loses game:     	White=1     	---        Mistake:       	White=4     	Black=1      Inaccurate:     	White=4     	Black=1      OK:         	White=2     	Black=8      Best:        	---       	Black=1      Strong:       	---       	Black=1} 0-1

[Event "Czech Open Rapid G1 2024"]
[Site "Pardubice"]
[Date "2024.07.17"]
[Round "1.20"]
[White "Kulon, Klaudia"]
[Black "Lihotsky, Lukas"]
[Result "1-0"]
[Annotator "TA"]
[ECO "A22"]
[WhiteElo "2380"]
[BlackElo "2129"]
[PlyCount "83"]
[EventDate "2024.07.16"]
[EventType "swiss"]
[EventCountry "CZE"]
[SourceTitle "playchess.com"]
[Source "ChessBase"]
[SourceQuality "1"]
[TimeControl "1200+10"]

1. c4 e5 2. g3 Nf6 3. Bg2 d5 4. cxd5 Nxd5 5. Nc3 Nb6 6. e3 Be7 {[%emt 0:00:59] A22: English Opening: 1...e5 2 Nc3 Nf6.} 7. Nge2 O-O 8. O-O c6 9. f4 exf4 10. Nxf4 N8d7 11. d4 c5 12. d5 $146 ({Predecessor:} 12. b3 cxd4 13. exd4 Nf6 14. Bb2 Bg4 15. Qd2 Qd7 16. Nd1 Nbd5 17. Nd3 Bh3 18. Ne5 {0-1 Rodi,L (2358)-Vazquez,F (2163) URU-ch 92nd Montevideo 2021 (6)}) 12... Ne5 13. e4 Nbc4 14. b3 Nd6 15. h3 (15. Bb2 $11) 15... Bd7 $15 16. Bb2 f6 (16... Bf6 $15) 17. Rc1 (17. Ne6 $1 $14 Qe8 18. Nxf8 (18. Nxc5 Ndc4 $14) 18... Bxf8 19. Kh2) 17... b5 (17... Qa5 $11) 18. Nce2 (18. Ne6 $14 Qb6 19. Nxf8 Bxf8 20. Ne2) 18... c4 $11 19. Nd4 Qb6 20. Kh2 Rfc8 21. Nde6 Ndf7 $1 22. h4 ({White should try} 22. Bd4 Qa6 23. h4) 22... a5 (22... Qa5 $142) 23. Bd4 $11 Qb7 24. Nh5 Bxe6 25. dxe6 Nh6 26. Bxe5 fxe5 27. Rf7 $2 (27. bxc4 $15 Rxc4 28. Qd5 Qxd5 29. exd5) 27... Nxf7 $19 28. exf7+ Kxf7 $2 ({Black should play} 28... Kh8 $1 $19 {...cxb3 is the strong threat.} 29. Nxg7 Kxg7 30. Qg4+ Kh8 (30... Kxf7 $2 31. Rf1+ Bf6 32. Qh5+ Kg8 33. Rxf6 $19)) 29. Qg4 ({Better is} 29. Bh3 $15 Qc6 (29... Qxe4 $2 30. Bg2 $18) 30. Bxc8 Rxc8 31. Qg4) 29... Bf8 $17 30. Bh3 {[%emt 0:00:23] [#]} Kg8 $2 (30... Rc6 $1 $19 {Strongly threatening ...Kg8.} 31. Rd1 Ra7 32. bxc4 bxc4 33. Qf5+ Kg8 34. Qxe5 Kh8) 31. Nf6+ $1 $11 Kh8 32. Nxh7 $1 Qf7 $2 (32... cxb3 33. Qg6 Ra6 (33... Rxc1 34. Ng5 Rc2+ 35. Bg2) 34. Qf5 (34. Bxc8 Rxg6 35. Bxb7 b2 $11)) (32... g6 $11 33. Nxf8 Rxf8 34. Qxg6 Qh7) 33. Ng5 $2 (33. Rf1 $18 {is the precise move to win.} Qg8 34. Ng5 (34. Qxc8 $2 Rxc8 35. Bxc8 Kxh7 $19)) 33... Qg6 $2 {[%emt 0:00:04][%mdl 8192] [#]} (33... Qe8 $16) 34. h5 $1 $18 Qb6 35. Qf5 (35. Qxc8 $2 Qf2+ (35... Rxc8 $2 36. Be6 $19) 36. Kh1 Rxc8 37. Bxc8 Be7 $19 (37... Qxa2 $2 38. Rf1 $19) (37... Qxg3 $2 38. Nf7+ Kg8 39. Rf1 $19)) (35. Nf7+ Kg8 36. Nxe5 Re8 $15) 35... g6 36. hxg6 (36. Qxc8 $2 Qf2+ (36... Rxc8 $2 37. Bxc8 Qe3 38. Nf7+ Kg7 39. Rc2 $19) 37. Bg2 Rxc8 $19) 36... Bg7 37. Bg2 $2 (37. Qxc8+ $2 Rxc8 38. Nf7+ Kg8 39. Bxc8 Qxg6 40. bxc4 bxc4 $19 (40... Kxf7 $2 41. Rf1+ Bf6 42. cxb5 $19) (40... Qxf7 $2 41. cxb5 Qxa2+ 42. Kh3 $19)) (37. Nf7+ Kg8 38. Nh6+ (38. Qxc8+ $2 Rxc8 39. Bxc8 Qxg6 $19) 38... Kh8 39. Qh5 (39. Qxc8+ $2 Rxc8 40. Nf7+ Kg8 $19) (39. Nf7+ Kg8 $18) 39... Qf2+ 40. Bg2) 37... Kg8 $2 (37... Rc6) 38. Qf7+ Kh8 39. Ne6 (39. bxc4 Rf8 (39... Qf6 40. Rf1 $16) 40. c5 Qf6 41. Qxf6 Rxf6 42. Nf7+ Kg8 $15) 39... Ra7 40. Qf5 Kg8 41. Qh3 ({Don't take} 41. Nxg7 Rf8 42. Qe6+ (42. Qxe5 Rxg7 43. Qd5+ Kh8 $11) 42... Qxe6 43. Nxe6 Rc8 44. bxc4 bxc4 $18) 41... Re8 $2 (41... Bh8 $18) 42. Qh7# 1-0

[Event "Czech Open Rapid G1 2024"]
[Site "Pardubice"]
[Date "2024.07.17"]
[Round "1.21"]
[White "Danek, Pavel"]
[Black "Jares, Michal"]
[Result "0-1"]
[Annotator "RC"]
[ECO "D03"]
[WhiteElo "1940"]
[BlackElo "2382"]
[PlyCount "78"]
[EventDate "2024.07.16"]
[EventType "swiss"]
[EventCountry "CZE"]
[SourceTitle "playchess.com"]
[Source "ChessBase"]
[SourceQuality "1"]
[TimeControl "1200+10"]

1. d4 Nf6 2. Nf3 e6 3. Bg5 d5 4. Nbd2 Be7 5. e3 O-O 6. Bd3 h6 7. Bh4 b6 8. Qe2 Bb7 9. Ne5 Nbd7 10. f4 c5 11. c3 Rc8 12. O-O Ne4 13. Bxe7 Qxe7 14. Nxd7 Qxd7 15. Nxe4 dxe4 16. Bb5 Qd5 17. Rfd1 c4 18. Ba4 b5 19. Bc2 a5 20. a3 Bc6 21. Kh1 Rb8 22. g4 b4 23. Rg1 f6 24. axb4 axb4 25. Raf1 bxc3 26. bxc3 Rb2 27. g5 fxg5 28. fxg5 Rxf1 29. Rxf1 Qxg5 30. Rg1 Qf5 31. Rf1 Rxc2 32. Qd1 Qf3+ 33. Rxf3 exf3 34. Kg1 f2+ 35. Kf1 Be4 36. Qxc2 Bxc2 37. Kxf2 Kf7 38. Kf3 Kf6 39. h4 Kf5 0-1

[Event "Czech Open Rapid G1 2024"]
[Site "Pardubice"]
[Date "2024.07.17"]
[Round "1.22"]
[White "Seger, Ruediger"]
[Black "Filindash, Nikita"]
[Result "1-0"]
[Annotator "RC"]
[ECO "B22"]
[WhiteElo "2264"]
[BlackElo "2007"]
[PlyCount "77"]
[EventDate "2024.07.16"]
[EventType "swiss"]
[EventCountry "CZE"]
[SourceTitle "playchess.com"]
[Source "ChessBase"]
[SourceQuality "1"]
[TimeControl "1200+10"]

1. e4 c5 2. c3 Nf6 3. e5 Nd5 4. d4 cxd4 5. Nf3 e6 6. cxd4 d6 7. Bc4 Be7 8. O-O O-O 9. Re1 Bd7 10. Bxd5 exd5 11. Nc3 Be6 12. Bf4 Nc6 13. h3 a6 14. Rc1 Rc8 15. Qd2 b5 16. exd6 Bxd6 17. Bxd6 Qxd6 18. Ne2 Rfe8 19. a3 a5 20. Qf4 Qxf4 21. Nxf4 a4 22. Kf1 h6 23. Rc5 Na7 24. Nxd5 Rxc5 25. dxc5 Rd8 26. Ne3 Rc8 27. Rc1 Nc6 28. Ke1 Kf8 29. g4 f6 30. Rc3 g6 31. Nc2 Re8 32. Re3 Bd5 33. Nfd4 Ne5 34. Nb4 Bc4 35. Kd2 Rc8 36. f4 Nd7 37. c6 Nc5 38. Kc3 Bf7 39. Nxb5 1-0

[Event "Czech Open Rapid G1 2024"]
[Site "Pardubice"]
[Date "2024.07.17"]
[Round "1.23"]
[White "Sichrovsky, Tomas"]
[Black "Mica, Marek"]
[Result "1/2-1/2"]
[Annotator "TA"]
[ECO "D35"]
[WhiteElo "1933"]
[BlackElo "2375"]
[PlyCount "64"]
[EventDate "2024.07.16"]
[EventType "swiss"]
[EventCountry "CZE"]
[SourceTitle "playchess.com"]
[Source "ChessBase"]
[SourceQuality "1"]
[TimeControl "1200+10"]

1. d4 Nf6 2. c4 e6 3. Nc3 d5 4. cxd5 exd5 5. Bg5 c6 6. e3 h6 7. Bh4 Bd6 8. Bd3 O-O 9. Nge2 Re8 {[%emt 0:00:04] The position is equal.} 10. Qc2 a5 11. Bg3 Na6 12. a3 {[%emt 0:00:12] Dodges Nb4} Nc7 13. O-O Ne6 14. f3 Bxg3 15. Nxg3 b6 (15... h5 $5) 16. Rfe1 Bb7 17. Rad1 Rc8 18. Nf5 Kh8 (18... Ra8 $14) 19. Qf2 $16 Rc7 20. Qh4 (20. e4 $16) 20... Ng8 $14 21. Qg3 Rd7 22. Ne2 {[%emt 0:01:18] White is much more active.} (22. f4 $14) 22... g6 $11 23. Nh4 Qg5 (23... Rc7 $11) 24. Kf2 ({White should play} 24. Qf2 $16) 24... Qxg3+ 25. Nxg3 Ne7 (25... Kg7 $11) 26. f4 $14 f5 27. Nf3 Kg7 28. Ne5 Rc7 29. h4 h5 30. Rc1 Nc8 31. b4 axb4 32. axb4 Nd6 {[%emt 0:00:01] Weighted Error Value: White=0.14 (very precise) /Black=0.13 (very precise) .  Mistake:       	White=3     	Black=3      Inaccurate:     	White=2     	---        OK:         	White=11    	Black=9} 1/2-1/2

[Event "Czech Open Rapid G1 2024"]
[Site "Pardubice"]
[Date "2024.07.17"]
[Round "1.24"]
[White "Krak, Tomas"]
[Black "Tesar, Jan"]
[Result "1-0"]
[Annotator "RC"]
[ECO "A28"]
[WhiteElo "2229"]
[BlackElo "1929"]
[PlyCount "75"]
[EventDate "2024.07.16"]
[EventType "swiss"]
[EventCountry "CZE"]
[SourceTitle "playchess.com"]
[Source "ChessBase"]
[SourceQuality "1"]
[TimeControl "1200+10"]

1. c4 e5 2. Nc3 Nf6 3. Nf3 Nc6 4. e4 d6 5. d3 g6 6. Be2 Bg7 7. h3 O-O 8. g4 Ne7 9. Bg5 Ne8 10. Qd2 f6 11. Be3 c6 12. O-O-O a6 13. d4 f5 14. gxf5 gxf5 15. dxe5 fxe4 16. Nxe4 d5 17. Bg5 Qc7 18. Nc3 dxc4 19. Qd8 Ng6 20. Bxc4+ Kh8 21. Bf6 Be6 22. Qxc7 Nxc7 23. Bxe6 Nxe6 24. Bxg7+ Nxg7 25. Rd3 Rf5 26. Re1 Raf8 27. Ree3 Ne6 28. Ne4 Nxe5 29. Nxe5 Rxe5 30. f3 Rf7 31. Nd6 Rc5+ 32. Kd2 Rf6 33. Ne4 Rff5 34. Nxc5 Nxc5 35. Rd4 Rg5 36. Re7 Rg8 37. b4 Na4 38. Rxb7 1-0

[Event "Czech Open Rapid G1 2024"]
[Site "Pardubice"]
[Date "2024.07.17"]
[Round "1.25"]
[White "Migalko, Dmitriy"]
[Black "Abdulov, Orkhan"]
[Result "0-1"]
[Annotator "TA"]
[ECO "B33"]
[WhiteElo "1856"]
[BlackElo "2382"]
[PlyCount "76"]
[EventDate "2024.07.16"]
[EventType "swiss"]
[EventCountry "CZE"]
[SourceTitle "playchess.com"]
[Source "ChessBase"]
[SourceQuality "1"]
[TimeControl "1200+10"]

1. e4 c5 2. Nf3 Nc6 3. d4 cxd4 4. Nxd4 Nf6 5. Nc3 e5 6. Nb3 Bb4 7. Bd3 d5 8. exd5 Nxd5 9. Bd2 Nxc3 10. bxc3 Bd6 11. Qh5 Be6 12. O-O g6 13. Qh6 {[%emt 0:01:34] The position is equal.} Qe7 14. Bg5 (14. Rfe1 $5) 14... f6 15. Bxg6+ $2 {[%emt 0:00:20] [#] Loses the game.} (15. Be3 $11) 15... Kd7 $19 16. Bxf6 Qxf6 17. Be8+ Ke7 $1 (17... Kxe8 $2 18. Qxf6 Kd7 19. Rfd1 $18) 18. Qxf6+ Kxf6 19. Bxc6 bxc6 20. Rad1 Ke7 21. Na5 Rac8 (21... Bxa2 22. Nxc6+ Ke6 23. Rfe1) 22. Rb1 Rc7 23. a4 Rf8 24. Nb7 Rb8 25. Nxd6 Rxb1 26. Rxb1 Kxd6 {[%emt 0:00:01][%mdl 4096] Endgame. KRB-KR} 27. a5 Kc5 28. Re1 Kd5 29. f4 exf4 30. c4+ Kd6 $1 ({Less strong is} 30... Kxc4 31. Rxe6 c5 32. Kf2 $17) 31. c5+ Ke7 ({Weaker is} 31... Kxc5 32. Rxe6 Kb4 33. Re5 $15) 32. Re4 Rb7 33. Rxf4 Rb5 34. Rh4 Bf5 35. c4 Rxa5 36. Rh5 Bg6 ({Not} 36... Rxc5 37. g4 $15) 37. Rh6 Rxc5 38. h4 a5 {[%emt 0:00:20] Weighted Error Value: White=0.65/Black=0.14 (very precise) .  Loses game:     	White=1     	---        Inaccurate:     	White=1     	Black=3      OK:         	White=8     	Black=13     Best:        	---       	Black=1      Strong:       	---       	Black=2} 0-1